 Dungeon Crawl Stone Soup version 0.17.0-28-g6e173f8 (webtiles) character file.

109 septik the Twirler (level 4, 0/26 HPs)
             Began as a Gargoyle Gladiator on Nov 30, 2015.
             Slain by Sigmund
             ... wielding a +0 scythe
              (6 damage)
             ... on level 2 of the Dungeon.
             The game lasted 00:03:33 (2123 turns).

septik the Twirler (Gargoyle Gladiator)             Turns: 2123, Time: 00:03:33

Health: 0/26       AC: 10    Str: 18    XL:     4   Next: 90%
Magic:  4/4        EV: 12    Int:  9    God:
Gold:   117        SH:  0    Dex: 11    Spells: 0 memorised, 3 levels left

rFire  . . .     SeeInvis .     a - +0 quarterstaff
rCold  . . .     Clarity  .     b - +0 leather armour
rNeg   + . .     SustAt   .     (shield currently unavailable)
rPois  ∞         Gourm    .     c - +0 helmet
rElec  +         Spirit   .     t - +2 cloak {MR+}
rCorr  .         Warding  .     (no gloves)
rMut   .         Stasis   .     (no boots)
MR     +....                    (no amulet)
Stlth  +.........               (no ring)
                                (no ring)

@: somewhat resistant to hostile enchantments, very unstealthy
A: negative energy resistance 1, electricity resistance, unbreathing,
petrification resistance, rot immunity, AC +3
a: no special abilities


You were on level 2 of the Dungeon.
You were very hungry.

You visited 1 branch of the dungeon, and saw 2 of its levels.

You collected 117 gold pieces.

Inventory:

Hand Weapons
 a - a +0 quarterstaff (weapon)
 l - a +1 dagger of protection
Missiles
 d - 3 throwing nets (quivered)
 f - 19 poisoned needles
 k - 23 stones
Armour
 b - a +0 leather armour (worn)
 c - a +0 helmet (worn)
 t - a +2 cloak of magic resistance (worn)
Jewellery
 i - an uncursed ring of see invisible {unknown}
 n - an uncursed ring of fire {unknown}
Scrolls
 h - a scroll of magic mapping {unknown}
 j - 2 scrolls of identify {unknown}
 p - 3 scrolls of teleportation {unknown}
 r - a scroll of blinking {unknown}
 s - 2 scrolls of remove curse {unknown}
Potions
 g - a potion of flight {unknown}
 m - a potion of heal wounds {unknown}
 q - a potion of magic {unknown}
Comestibles
 e - 2 bread rations
 o - a beef jerky
 u - a royal jelly


   Skills:
 - Level 2.1 Fighting
 + Level 5.4 Staves
 - Level 1.7 Throwing
 - Level 2.4 Dodging


You had 3 spell levels left.
You didn't know any spells.

Dungeon Overview and Level Annotations

Branches:
Dungeon (2/15)

Altars:
Zin

Annotations:
D:2 Sigmund


Innate Abilities, Weirdness & Mutations

You are resistant to torment.
Your stone body is resilient (AC +3).
You are immune to poison.
You resist negative energy.
You are resistant to electric shocks.
You can survive without breathing.
You are immune to petrification.
You are immune to rotting.


Message History

The jackal barely misses you. The jackal misses you.
The jackal bites you but does no damage.
Sigmund says, "Now you see me, now you don't..."
You closely miss the jackal.
The jackal bites you but does no damage.
The jackal closely misses you.
You sock the jackal!
You kill the jackal!
Sigmund hits you from afar with a scythe.
* * * LOW HITPOINT WARNING * * *
Sigmund closely misses you.
You completely miss Sigmund. You hit Sigmund but do no damage.
Sigmund barely misses you.
You closely miss Sigmund.
Sigmund screams, "Die, monster!"
Sigmund hits you but does no damage.
You barely miss Sigmund. You hit Sigmund but do no damage.
Sigmund hits you with a scythe.
You die...

#....†......†...#
##.#####...####.########
#.# #...# #.#....... #.#
########.#....... #.#
#......#.......
#.#######...####....>..
#.#.........# ##.......
##.#.#####..[###........
#.....@@......##........
####............h.......
##########'##{.......
#...........##.#.
#...........##.#.
#...........##.#.
#...........##.#.
#...........##.#.
#...).......##.#.


You could see Sigmund.

Vanquished Creatures
  4 adders
  2 gnolls
  2 oozes (D:1)
  A worm (D:2)
  A giant gecko (D:1)
  A bat (D:1)
  2 giant cockroaches
  A goblin (D:1)
  6 hobgoblins
  3 jackals (D:2)
  A quokka (D:2)
  3 giant newts (D:1)
  5 kobolds
  10 rats
42 creatures vanquished.

Notes
Turn   | Place    | Note
--------------------------------------------------------------
     0 | D:1      | septik the Gargoyle Gladiator began the quest for the Orb.
     0 | D:1      | Reached XP level 1. HP: 12/12 MP: 1/1
   178 | D:1      | Reached XP level 2. HP: 17/17 MP: 2/2
   577 | D:1      | Reached skill level 4 in Staves
   675 | D:1      | Reached XP level 3. HP: 21/21 MP: 3/3
  1120 | D:2      | Reached XP level 4. HP: 23/26 MP: 4/4
  1131 | D:2      | Found a glowing silver altar of Zin.
  1526 | D:2      | Reached skill level 5 in Staves
  1997 | D:2      | Noticed Sigmund
  2123 | D:2      | Slain by Sigmund

Action                   |  1- 3 |  4- 6 || total
-------------------------+-------+-------++-------
Melee: Quarterstaff      |    46 |    14 ||    60
       Dagger            |   120 |    80 ||   200
  Eat: Chunk             |     1 |     2 ||     3
